 Dungeon Sprint DCSS version 0.17-a0-1636-g3119f2b (webtiles) character file.

161 Kidiri the Covert (level 5, -2/24 HPs)
             Began as a Spriggan Enchanter on Aug 6, 2015.
             Was an Initiate of Dithmenos.
             Slain by a spriggan
             ... wielding a +0 dagger
              (6 damage)
             ... in the Dungeon (Sprint IV: "Fedhas' Mad Dash").
             The game lasted 00:04:36 (3892 turns).

Kidiri the Covert (Spriggan Enchanter)              Turns: 3892, Time: 00:04:36

Health: -2/24      AC:  3    Str:  4    XL:     5   Next: 18%
Magic:  1/14       EV: 23    Int: 17    God:    Dithmenos [......]
Gold:   58         SH:  0    Dex: 17    Spells: 4 memorised, 7 levels left

rFire  . . .     SeeInvis +     a - +1 dagger
rCold  . . .     Clarity  +     b - +1 robe
rNeg   . . .     SustAt   .     (shield restricted)
rPois  .         Gourm    .     (helmet restricted)
rElec  .         Spirit   .     (no cloak)
rCorr  .         Warding  .     (gloves unavailable)
rMut   .         NoTele   +     (boots unavailable)
MR     .....                    d - amulet of clarity
Stlth  +++++.....               (no ring)
                                j - ring of invisibility

@: very slightly contaminated, very quick, not resistant to hostile
enchantments, quite stealthy
A: unfitting armour, see invisible, herbivore 3, speed 3, slow metabolism 2
a: Renounce Religion, Evoke Invisibility


You were in the Dungeon.
You worshipped Dithmenos.
Dithmenos was noncommittal.
You were not hungry.

You visited 1 branch You collected 58 gold pieces.

Inventory:

Hand weapons
 a - a +1 dagger (weapon)
Armour
 b - a +1 robe (worn)
Jewellery
 d - an amulet of clarity (around neck)
 j - a ring of invisibility (left hand)
Potions
 g - a potion of haste
Books
 c - a book of Maledictions

   Spells                             Type                      Level
   a - Corona                         Hexes                        1
   b - Ensorcelled Hibernation        Hexes/Ice                    2
   c - Confuse                        Hexes                        3
   d - Tukima's Dance                 Hexes                        3
   e - Dazzling Spray                 Conjuration/Hexes            3


   Skills:
 + Level 3.9 Short Blades
 * Level 7.5 Dodging
 * Level 8.7 Stealth
 * Level 6.2 Spellcasting
 + Level 5.5 Hexes
 + Level 2.2 Ice Magic
 + Level 3.0 Evocations


You had 7 spell levels left.
You knew the following spells:

 Your Spells              Type           Power        Failure   Level  Hunger
a - Corona                Hex            ###....      1%          1    None
b - Ensorcelled Hibernat  Hex/Ice        ###...       4%          2    None
c - Confuse               Hex            ###.....     4%          3    ##.....
d - Tukima's Dance        Hex            ###.....     4%          3    ##.....


Dungeon Overview and Level Annotations

Branches:
Dungeon (1/1)

Altars:
Cheibriados
Dithmenos
Elyvilon
Gozag
Kikubaaqudgha
Makhleb
Nemelex Xobeh
Okawaru
Qazlal
Ru
Sif Muna
Trog
Vehumet
Xom
Yredelemnul
Zin
The Shining One
Beogh
Jiyva
Lugonu


Innate Abilities, Weirdness & Mutations

You are tiny and cannot use many weapons and most armour.
You have supernaturally acute eyesight.
You are a herbivore.
You cover ground extremely quickly.
You need consume almost no food.


Message History

Drink which item? (? for menu, Esc to quit)
It was a potion of cancellation.
You feel slightly less contaminated with magical energies.
You feel magically purged. The spriggan completely misses you.
Read which item? (? for menu, Esc to quit)
Okay, then.
Unknown command.
There is an open door here.
You hit the spriggan.
The spriggan is moderately wounded.
The spriggan misses you.
You hit the spriggan but do no damage.
The spriggan is moderately wounded.
You hit the spriggan but do no damage.
The spriggan is moderately wounded.
The spriggan hits you but does no damage.
You barely miss the spriggan.
The spriggan is moderately wounded.
The spriggan hits you with a dagger.
You die...

#####################
#<..P#.....#.....#.⌠.
#PP.@i...s.'.#.[.'._.
#PPPP#.....#.#...#_._
###############+##._.
#.⌠. ####


You could see a spriggan and a scorpion.

Vanquished Creatures
  A worker ant (D)
  3 oklob saplings (D)
  A river rat (D)
  A rat (D)
6 creatures vanquished.

Vanquished Creatures (collateral kills)
  A spriggan (D)
1 creature vanquished.

Grand Total: 7 creatures vanquished

Notes
Turn   | Place    | Note
--------------------------------------------------------------
     0 | D        | Kidiri the Spriggan Enchanter began the quest for the Orb.
     0 | D        | Reached XP level 1. HP: 9/9 MP: 5/5
    12 | D        | Reached skill level 5 in Stealth
    12 | D        | Reached XP level 2. HP: 13/13 MP: 4/7
    29 | D        | Learned a level 2 spell: Ensorcelled Hibernation
    54 | D        | Noticed an oklob sapling
  3477 | D        | Noticed a worker ant
  3479 | D        | Killed a worker ant
  3479 | D        | Reached skill level 5 in Dodging
  3479 | D        | Reached skill level 6 in Stealth
  3479 | D        | Reached XP level 3. HP: 16/16 MP: 7/9
  3534 | D        | Learned a level 3 spell: Confuse
  3538 | D        | Learned a level 3 spell: Tukima's Dance
  3548 | D        | Killed an oklob sapling
  3548 | D        | Reached skill level 7 in Stealth
  3548 | D        | Reached skill level 1 in Ice Magic
  3548 | D        | Reached skill level 1 in Evocations
  3693 | D        | Found a snail-covered altar of Cheibriados.
  3693 | D        | Found a glowing silver altar of Zin.
  3693 | D        | Found a white marble altar of Elyvilon.
  3693 | D        | Found a viscous altar of Jiyva.
  3693 | D        | Found a radiant altar of Vehumet.
  3693 | D        | Found a deep blue altar of Sif Muna.
  3693 | D        | Found an ancient bone altar of Kikubaaqudgha.
  3693 | D        | Found a bloodstained altar of Trog.
  3693 | D        | Found a corrupted altar of Lugonu.
  3693 | D        | Noticed an oklob sapling priest
  3694 | D        | Found a burning altar of Makhleb.
  3694 | D        | Found a sacrificial altar of Ru.
  3695 | D        | Found a glowing golden altar of the Shining One.
  3695 | D        | Found a sparkling altar of Nemelex Xobeh.
  3696 | D        | Found a shadowy altar of Dithmenos.
  3697 | D        | Found an iron altar of Okawaru.
  3697 | D        | Found a shimmering altar of Xom.
  3698 | D        | Found an opulent altar of Gozag.
  3699 | D        | Found a basalt altar of Yredelemnul.
  3699 | D        | Found a roughly hewn altar of Beogh.
  3700 | D        | Killed an oklob sapling priest
  3700 | D        | Reached skill level 8 in Stealth
  3700 | D        | Reached skill level 5 in Spellcasting
  3700 | D        | Reached skill level 5 in Hexes
  3700 | D        | Reached XP level 4. HP: 21/21 MP: 8/12
  3701 | D        | Found a stormy altar of Qazlal.
  3706 | D        | Became a worshipper of Dithmenos the Shadowed
  3814 | D        | Noticed an oklob sapling wizard
  3817 | D        | Killed an oklob sapling wizard
  3817 | D        | Reached XP level 5. HP: 24/24 MP: 10/14
  3821 | D        | Noticed a scorpion
  3892 | D        | Slain by a spriggan

Vault maps used:
D:        dungeon_sprint_fedhas

Action                   |  1- 3 |  4- 6 || total
-------------------------+-------+-------++-------
Melee: Dagger            |    13 |    15 ||    28
 Cast: Corona            |     2 |       ||     2
       Confuse           |     1 |     7 ||     8
       Tukima's Dance    |       |     6 ||     6
 Abil: Evoke Invisibilit |     2 |     1 ||     3
  Use: Potion            |     1 |     5 ||     6
       Scroll            |     1 |       ||     1
 Stab: Sleeping          |     2 |     1 ||     3
       Invisible         |     1 |       ||     1
  Eat: Bread ration      |     1 |       ||     1
